 Dungeon Crawl Stone Soup version 0.26-a0-690-gcb57259078 (webtiles) character file.

Game seed: 7502197055135599287

40 Descartes the Conjurer (level 3, -3/28 HPs)
             Began as a Deep Elf Conjurer on Oct 24, 2020.
             Killed from afar by Terence (5 damage)
             ... with a puff of flame
             ... on level 2 of the Dungeon.
             The game lasted 00:04:07 (1344 turns).

Descartes the Conjurer (Deep Elf Conjurer)          Turns: 1344, Time: 00:04:08

Health: -3/28      AC:  2    Str:  4    XL:     3   Next: 30%
Magic:  1/10       EV: 13    Int: 23    God:
Gold:   38         SH:  0    Dex: 13    Spells: 8/9 levels left

rFire    . . .     SeeInvis .   a - +2 short sword (elec)
rCold    . . .     Faith    .   (no shield)
rNeg     . . .     Spirit   .   f - +0 robe
rPois    .         Reflect  .   (no helmet)
rElec    .         Harm     .   (no cloak)
rCorr    .         Rampage  .   (no gloves)
MR       .....                  (no boots)
Stlth    ..........             (no amulet)
HPRegen  0.09/turn              (no ring)
MPRegen  0.12/turn              (no ring)

@: berserking, very quick
A: no striking features
a: no special abilities


You were on level 2 of the Dungeon.
You visited 1 branch of the dungeon, and saw 2 of its levels.

You collected 38 gold pieces.

Inventory:

Hand Weapons
 a - a +2 short sword of electrocution (weapon)
 b - a +0 hunting sling of freezing
Missiles
 j - 12 sling bullets
 o - 11 arrows
Armour
 f - a +0 robe (worn)
Jewellery
 i - an uncursed ring of ice
Scrolls
 c - 2 scrolls of identify {unknown}
 d - a scroll of noise {unknown}
 e - 4 scrolls of enchant weapon {unknown}
 h - a scroll of immolation {unknown}
 n - a scroll of magic mapping {unknown}
Potions
 m - a potion of curing {unknown}


   Skills:
 - Level 2.4 Dodging
 - Level 2.4 Stealth
 + Level 3.8 Spellcasting
 * Level 5.3 Conjurations


You had 8 spell levels left.
You knew the following spells:

 Your Spells              Type           Power        Failure   Level
a - Magic Dart            Conj           ####         1%          1

Your spell library contained the following spells:

 Spells                   Type           Power        Failure   Level
 Searing Ray              Conj           ####..       1%          2
 Dazzling Flash           Conj/Hex       ###...       11%         3
 Fulminant Prism          Conj/Hex       ###.......   34%         4
 Iskenderun's Mystic Bla  Conj/Tloc      ###.....     34%         4


Dungeon Overview and Level Annotations

Branches:
Dungeon (2/15)

Altars:

Annotations:
D:2 Terence


Message History

A red film seems to cover your vision as you go berserk!
You feel yourself moving faster!
You feel mighty! Terence closely misses you.
You hit Terence.
Terence is lightly wounded.
Terence zaps a wand.
The puff of flame hits you!
* * * LOW HITPOINT WARNING * * *
You hit Terence.
Terence is heavily wounded.
Terence closely misses you.
Unknown command.
You barely miss Terence.
Terence is heavily wounded.
You puncture Terence!
Terence is almost dead.
Terence hits you with a +0 short sword.
* * * LOW HITPOINT WARNING * * *
You hit Terence.
Terence is almost dead.
Terence zaps a wand.
The puff of flame hits you.
You die...

####......#...#.#
#######......###.#.#
#...........####.#.#
#.######.........#.#
#.#.........#
#.##........#
#.##.[......#
#########.##.......##
...$..@@..##.......#
.###########.......#
#########


You could see Terence.

Vanquished Creatures
  An adder (D:2)
  A leopard gecko (D:1)
  7 bats
  A giant cockroach (D:1)
  A goblin (D:1)
  3 hobgoblins (D:1)
  2 jackals (D:1)
  3 kobolds (D:1)
  A quokka (D:2)
  6 frilled lizards (D:1)
  3 rats (D:1)
29 creatures vanquished.

Vanquished Creatures (others)
  6 plants (D:1)
6 creatures vanquished.

Grand Total: 35 creatures vanquished

Notes
Turn   | Place    | Note
-------+----------+-------------------------------------------
     0 | D:1      | Descartes the Deep Elf Conjurer began the quest for the
                  | Orb.
     0 | D:1      | Reached XP level 1. HP: 10/10 MP: 6/6
   255 | D:1      | Reached XP level 2. HP: 15/15 MP: 4/8
   558 | D:1      | Reached skill level 5 in Conjurations
   954 | D:1      | Reached XP level 3. HP: 19/19 MP: 7/10
  1322 | D:2      | Noticed Terence
  1344 | D:2      | Killed from afar by Terence

Illustrated notes

Levels and vault maps discovered:
D:1:      matt_arrival_diagonals, layout_loops_ring, minmay_lizard_king
D:2:      layout_basic, roderic_three_in_a_row, uniq_terence

Skill      XL: |  1  2 |
---------------+-------+-----
Conjurations   | 5 |  5.3
Dodging        | |  2.4
Stealth        | |  2.4
Spellcasting   | |  3.8

Action                   || total
-------------------------++-------
Melee: Short sword       ||     8
 Cast: Magic Dart        ||    60
  Use: Potion            ||     3
Armor: Robe              ||     3
Dodge: Dodged            ||    12

Table legend: (Time is in decaauts)
 A = Elapsed time spent in this place.
 B = Non-inter-level travel time spent in this place.
 C = Inter-level travel time spent in this place.
 D = Time resting spent in this place.
 E = Time spent auto-exploring this place.
 F = Levels seen in this place.
 G = Mean time per level.
                   A        B        C        D        E       F      G
               +--------+--------+--------+--------+--------+-----+--------+
         Total |   1339 |   1312 |     27 |      0 |   1176 |   2 |  669.5 |
       Dungeon |   1339 |   1312 |     27 |      0 |   1176 |   2 |  669.5 |
               +--------+--------+--------+--------+--------+-----+--------+

Top non-repeatable levels by time:
     D:1: 1105 daAuts
     D:2: 234 daAuts
